 Dungeon Crawl Stone Soup version 0.28-a0-80-g9707f7362f (webtiles) character file.

Game seed: 12511095696025260699

379 HAL9000 the Changer (level 6, -14/47 HPs)
             Began as a Draconian Transmuter on Aug 5, 2021.
             Demolished by Crazy Yiuf (16 damage)
             ... on level 3 of the Dungeon.
             The game lasted 00:02:43 (2925 turns).

HAL9000 the Changer (Draconian Transmuter)          Turns: 2925, Time: 00:02:44

Health: -14/47     AC:  2    Str: 12    XL:     6   Next: 45%
Magic:  1/9        EV: 19    Int: 22    God:
Gold:   134        SH:  0    Dex: 16    Spells: 3/9 levels left

rFire   . . .      SeeInvis .     - Unarmed
rCold   . . .      Faith    .   (shield currently unavailable)
rNeg    . . .      Spirit   .   (armour unavailable)
rPois   x          Reflect  .   (helmet currently unavailable)
rElec   .          Harm     .   (cloak currently unavailable)
rCorr   .          Rampage  .   (gloves currently unavailable)
Will    .....                   (boots currently unavailable)
Stlth   +.........              (no amulet)
HPRegen 0.15/turn               l - +6 ring of intelligence
MPRegen 0.11/turn               (no ring)

@: spider-form
A: venomous fangs, AC +6, tiny, unfitting armour, (cold-blooded)
a: End Transformation


You were on level 3 of the Dungeon.
You were a venomous arachnid creature.
You visited 1 branch of the dungeon, and saw 3 of its levels.

You collected 134 gold pieces.

Inventory:

Magical Staves
 a - a staff of cold
 f - a staff of poison
Jewellery
 l - a +6 ring of intelligence (left front leg)
Scrolls
 b - a scroll of teleportation {unknown}
 c - a scroll of fear {unknown}
 h - a scroll of fog {unknown}
 i - a scroll of amnesia {unknown}
 k - a scroll of identify {unknown}
Potions
 d - 2 potions of curing {unknown}
 e - a potion of haste {unknown}
 g - 2 potions of lignification {unknown}
 j - a potion of attraction {unknown}


   Skills:
 + Level 1.1 Fighting
 - Level 1.7 Dodging
 + Level 3.0 Unarmed Combat
 - Level 2.0 Spellcasting
 - Level 7.0 Transmutations


You had 3 spell levels left.
You knew the following spells:

 Your Spells              Type           Power      Damage    Failure   Level
a - Beastly Appendage     Tmut           66%        N/A       4%          1
b - Wereblood             Tmut           33%        N/A       5%          2
c - Spider Form           Tmut/Pois      8%         N/A       24%         3

Your spell library contained the following spells:

 Spells                   Type           Power      Damage    Failure   Level
 Ozocubu's Armour         Ice            2%         N/A       61%         3
 Ice Form                 Ice/Tmut       17%        N/A       54%         4
 Ozocubu's Refrigeration  Ice            1%         4d5       100%        7


Dungeon Overview and Level Annotations

Branches:
Dungeon (3/15)

Altars:
Kikubaaqudgha

Annotations:
D:3 Crazy Yiuf


Innate Abilities, Weirdness & Mutations

You are a venomous arachnid creature.
You have poisonous fangs.
You are tiny and dextrous.
Your spellcasting is less reliable in this form.
Your armour is entirely melded.
You are incapable of wielding weapons or throwing items.
((Your plain brown scales are hard. (AC +6)))
You cannot fit into any form of body armour.
((You are cold-blooded and may be slowed by cold attacks.))


Message History

Crazy Yiuf laughs, "Hack!"
Found a mace.
You see here a +0 mace.
You see here a +0 mace.
Found two glowing maces and a mace.
You see here a +0 mace.
Casting: Beastly Appendage (safe; 1% risk of failure)
Confirm with . or Enter, or press ? or * to list all spells.
Your horns disappear.
Your talons disappear.
You turn into a venomous arachnid creature.
Unknown command.
Unknown command.
You open the door.
Crazy Yiuf laughs, "Race!
Ten tortoise hog."
You hit Crazy Yiuf.
Crazy Yiuf is lightly wounded.
Crazy Yiuf hits you with a +4 quarterstaff of chaos!
You feel your power leaking away.
You hit Crazy Yiuf but do no damage.
Crazy Yiuf is lightly wounded.
Crazy Yiuf misses you.
You hit Crazy Yiuf.
Crazy Yiuf is moderately wounded.
Crazy Yiuf yells, "Announcement Orb Guardian unthinkable!"
You see here a +0 mace.
You hit Crazy Yiuf.
Crazy Yiuf is poisoned.
Crazy Yiuf is heavily wounded.
Crazy Yiuf sings, "Trees, trees, trees, circus!"
Crazy Yiuf hits you with a +4 quarterstaff of chaos!
You are electrocuted!
* * * LOW HITPOINT WARNING * * *
Unknown command.
You see here a +0 mace.
You see here a +0 mace.
You see here a +0 mace.
Crazy Yiuf laughs, "Spliff arm leg!"
You barely miss Crazy Yiuf.
Crazy Yiuf is heavily wounded.
Crazy Yiuf hits you with a +4 quarterstaff of chaos!
You die...

#.# #.# ####♣♣
### #.# ##.#..♣♣
♣♣#)))# #.#
#......♣♣♣♣)')).#
#.#
#...s♣.)♣))♣#)))#
#.# #.##.g)♣)♣♣♣
### #.#
#..##♣♣♣♣♣ #..
#.## #.. #.# ###
#.# #.# #.# #.#
#.# #.# #.# #.##
#.# #.. # #..##
#.# ###


You could see Crazy Yiuf (poisoned).

Vanquished Creatures
  Grinder (D:3)
  An ice beast (D:3)
  3 adders
  4 dart slugs
  An orc (D:3)
  6 bats
  2 endoplasms (D:2)
  4 giant cockroaches
  A goblin (D:2)
  6 hobgoblins
  5 jackals
  4 kobolds
  A quokka (D:2)
  7 ball pythons
  4 frilled lizards
  3 rats
53 creatures vanquished.

Notes
Turn   | Place    | Note
-------+----------+-------------------------------------------
     0 | D:1      | HAL9000 the Draconian Transmuter began the quest for the
                  | Orb.
     0 | D:1      | Reached XP level 1. HP: 16/16 MP: 3/3
   317 | D:1      | Reached XP level 2. HP: 23/23 MP: 3/5
   588 | D:1      | Reached skill level 3 in Transmutations
  1108 | D:1      | Found a faded altar of an unknown god.
  1195 | D:1      | Reached XP level 3. HP: 24/28 MP: 4/6
  1399 | D:2      | Learned a level 2 spell: Wereblood
  1403 | D:2      | Learned a level 3 spell: Spider Form
  1674 | D:2      | Reached skill level 4 in Transmutations
  2295 | D:3      | Reached XP level 4. HP: 35/35 MP: 5/7
  2331 | D:3      | Found an ancient bone altar of Kikubaaqudgha.
  2358 | D:3      | Noticed Grinder
  2368 | D:3      | Paralysed by Grinder for 2 turns
  2372 | D:3      | Killed Grinder
  2373 | D:3      | Reached skill level 6 in Transmutations
  2373 | D:3      | Reached XP level 5. HP: 24/40 MP: 5/8
  2373 | D:3      | Reached XP level 6. HP: 28/47 MP: 5/9
  2519 | D:3      | Noticed an ice beast
  2554 | D:3      | Killed an ice beast
  2813 | D:3      | Reached skill level 7 in Transmutations
  2908 | D:3      | Found a runed translucent door.
  2909 | D:3      | Noticed Crazy Yiuf
  2918 | D:3      | HP: 1/47 [Crazy Yiuf (15)]
  2925 | D:3      | Demolished by Crazy Yiuf

Illustrated notes

Levels and vault maps discovered:
D:1:      dpeg_arrival_triangle_fractal, layout_loops_corners,
          shapermc_ecumenical_altar_mp_vishouse, grunt_decor_mini_mirrors,
          minmay_pentomino_o4
D:2:      minmay_skewed_foursquare, layout_basic
D:3:      layout_loops_ring, mainiacjoe_overflow_catwalk,
          mainiacjoe_overflow_tiny_flanked, cheibrodos_gnoll_hut, uniq_grinder,
          uniq_crazy_yiuf_cottage, uniq_robin

Skill      XL: |  1  2  3  4  5  6 |
---------------+-------------------+-----
Transmutations | 3 4 6 7 |  7.0
Fighting       | |  1.1
Dodging        | |  1.7
Unarmed Combat | |  3.0
Spellcasting   | |  2.0

Action                   |  1- 3 |  4- 6 || total
-------------------------+-------+-------++-------
Melee: Unarmed           |   132 |    40 ||   172
       Kick              |    18 |     3 ||    21
       Headbutt          |     6 |       ||     6
       Tailslap          |    15 |       ||    15
       Punch             |     2 |       ||     2
 Cast: Beastly Appendage |    24 |     5 ||    29
       Spider Form       |       |     3 ||     3
Armor: Skin              |    45 |     6 ||    51
Dodge: Dodged            |   104 |    26 ||   130

Table legend: (Time is in decaauts)
 A = Elapsed time spent in this place.
 B = Non-inter-level travel time spent in this place.
 C = Inter-level travel time spent in this place.
 D = Time resting spent in this place.
 E = Time spent auto-exploring this place.
 F = Levels seen in this place.
 G = Mean time per level.
                   A        B        C        D        E       F      G
               +--------+--------+--------+--------+--------+-----+--------+
         Total |   2913 |   2820 |     93 |    527 |   1890 |   3 |  971.0 |
       Dungeon |   2913 |   2820 |     93 |    527 |   1890 |   3 |  971.0 |
               +--------+--------+--------+--------+--------+-----+--------+

Top non-repeatable levels by time:
     D:1: 1288 daAuts
     D:2: 989 daAuts
     D:3: 636 daAuts
